 Dungeon Crawl Stone Soup version 0.20.1-1-g8b1a95d (webtiles) character file.

5034 schauveau the Cleaver (level 10, -1/84 HPs)
             Began as a Minotaur Fighter on Dec 3, 2017.
             Was an Elder of Okawaru.
             Killed by the air
             ... invoked by Gastronok
              (32 damage)
             ... on level 8 of the Dungeon.
             The game lasted 00:14:36 (7735 turns).

schauveau the Cleaver (Minotaur Fighter)            Turns: 7735, Time: 00:14:37

Health: -1/84      AC: 13    Str: 24    XL:     10   Next: 30%
Magic:  9/9        EV: 10    Int:  5    God:    Okawaru [****..]
Gold:   135        SH: 10    Dex: 10    Spells: 9/9 levels left

rFire    . . .     SeeInvis .   a - +0 war axe
rCold    . . .     Gourm    .   c - +0 shield
rNeg     . . .     Faith    .   y - +0 chain mail
rPois    .         Spirit   .   (helmet restricted)
rElec    .         Reflect  .   e - +2 cloak
rCorr    .         Harm     +   (no gloves)
MR       .....                  (no boots)
Stlth    ..........             E - amulet of harm
Regen    0.3/turn               n - +2 ring of evasion
MPRegen  0.2/turn               w - ring of stealth

@: no status effects
A: retaliatory headbutt, horns 2
a: Heroism, Renounce Religion


You were on level 8 of the Dungeon.
You worshipped Okawaru.
Okawaru was greatly pleased with you.
You were not hungry.

You visited 2 branches of the dungeon, and saw 9 of its levels.
You also visited: Sewer.

You collected 405 gold pieces.
You spent 270 gold pieces at shops.

Inventory:

Hand Weapons
 a - a +0 war axe (weapon)
 q - a +1 antimagic hand axe
 t - a +0 war axe
 B - a +0 flail
Missiles
 m - 5 tomahawks (quivered)
Armour
 c - a +0 shield (worn)
 e - a +2 cloak (worn)
 y - a +0 chain mail (worn)
Jewellery
 n - a +2 ring of evasion (left hand)
 w - a ring of stealth (right hand)
 E - an amulet of harm (around neck)
Wands
 k - a wand of flame (22/48)
 u - a wand of flame (14/48)
 F - a wand of confusion (18/48)
Scrolls
 d - 4 scrolls of remove curse
 h - 3 scrolls of teleportation
 i - 3 scrolls of recharging
 p - 3 scrolls of enchant armour
 x - a scroll of amnesia
 G - a scroll of identify
Potions
 b - 3 potions of lignification {unknown}
 g - 2 potions of mutation
 j - 5 potions of agility
 o - a potion of cancellation
 r - 3 potions of curing
 s - 5 potions of flight
 A - 2 potions of degeneration {unknown}
 D - a potion of haste
Books
 v - a book of Geomancy

   Spells                             Type                      Level
   a - Sandblast                      Earth                        1
   b - Passwall                       Transmutation/Earth          2
   c - Stone Arrow                    Conjuration/Earth            3
   d - Petrify                        Transmutation/Earth          4
   e - Lee's Rapid Deconstruction     Earth                        5
 z - a book of Necromancy

   Spells                             Type                      Level
   a - Pain                           Necromancy                   1
   b - Animate Skeleton               Necromancy                   1
   c - Vampiric Draining              Necromancy                   3
   d - Regeneration                   Charms/Necromancy            3
   e - Animate Dead                   Necromancy                   4
   f - Control Undead                 Necromancy                   4
Comestibles
 f - 7 bread rations
 l - a royal jelly


   Skills:
 + Level 6.7 Fighting
 * Level 13.9 Axes
 + Level 6.4 Armour
 + Level 5.0 Dodging
 + Level 6.6 Shields
 + Level 1.3 Invocations


You had 9 spell levels left.
You didn't know any spells.

Dungeon Overview and Level Annotations

Branches:
Dungeon (8/15)             Temple (1/1) D:5
   Lair: D:8-11

Altars:
Ashenzari
Dithmenos
Elyvilon
Gozag
Hepliaklqana
Makhleb
Nemelex Xobeh
Okawaru
Qazlal
Uskayaw
Vehumet
Xom
Zin
The Shining One

Shops:
D:5 !

Annotations:
D:8 Gastronok


Innate Abilities, Weirdness & Mutations

You reflexively headbutt those who attack you in melee.
You have a pair of horns on your head.


Message History

Gastronok gurgles, "A snack!
A snack!"
Gastronok bites you!!
* * * LOW HITPOINT WARNING * * *
You hear an angry hiss.
You feel much better.
You feel much better. Gastronok bites you!
An adder comes into view.
You hit Gastronok. Your headbutt misses Gastronok.
Gastronok is severely wounded.
Okay, then.
Evoke which item? (* to show all) (? for menu, Esc to quit)
Aiming: Throw Flame (will waste charges)
Press: ? - help, Shift-Dir - straight line, f - Gastronok
Aim: Gastronok, wearing a glowing hat (severely wounded)
The puff of flame hits Gastronok.
Gastronok is severely wounded.
Evoking this partially-identified wand wasted a few charges.
Gastronok waves his eye-stalks in wide circles.
The air twists around and strikes you!
You die...

# #. #.
#.#############
#w@..........######
#S###########.......
#. ######## .. ##
########## #
.........
#.#.#......


You could see Gastronok and an adder.

Vanquished Creatures
  2 two-headed ogres (D:8)
  Pikel (D:6)
  A hippogriff (D:7)
  Eustachio (D:4)
  The ghost of pstr the Digger, an amateur KoEE (D:3)
  2 sky beasts
  4 ice beasts
  A slave (D:6)
  2 phantoms
  5 ogres
  A centaur (D:5)
  3 big kobolds
  3 bullfrogs
  A wyvern zombie (D:7)
  3 scorpions
  3 killer bees
  A howler monkey (D:4)
  2 crimson imps
  A hound (D:5)
  A bullfrog zombie (D:7)
  A jelly (D:6)
  An orc priest (D:3)
  A gnoll shaman (D:3)
  An iron imp (D:5)
  Terence (D:3)
  3 iguanas
  2 orc wizards
  4 worker ants
  A merfolk avatar (Sewer)
  A merfolk siren (Sewer)
  A hound skeleton (D:4)
  11 gnolls
  2 river rats (Sewer)
  15 adders
  2 adder skeletons
  2 worms (D:3)
  A dart slug (D:1)
  10 leopard geckos
  14 orcs
  21 giant cockroaches
  4 goblins
  9 hobgoblins
  21 kobolds
  3 quokkas
  4 ball pythons
  9 bats
  6 frilled lizards
  A giant cockroach zombie (D:5)
  3 goblin zombies (D:5)
  A hobgoblin zombie (D:5)
  3 kobold skeletons (D:5)
  A kobold zombie (D:5)
  An orc skeleton (D:5)
  An orc zombie (D:5)
  34 rats
235 creatures vanquished.

Vanquished Creatures (others)
  A slave (D:6)
  A bullfrog (D:6)
  An adder (D:6)
  A leopard gecko (D:6)
4 creatures vanquished.

Grand Total: 239 creatures vanquished

Notes
Turn   | Place    | Note
-------+----------+-------------------------------------------
     0 | D:1      | schauveau the Minotaur Fighter began the quest for the Orb.
     0 | D:1      | Reached XP level 1. HP: 19/19 MP: 0/0
   110 | D:1      | Reached skill level 3 in Axes
   241 | D:1      | Reached XP level 2. HP: 26/26 MP: 1/1
   417 | D:1      | Reached skill level 4 in Axes
   704 | D:2      | Reached XP level 3. HP: 31/31 MP: 2/2
   734 | D:3      | Noticed pstr's ghost (amateur KoEE)
   749 | D:3      | Killed pstr's ghost
   749 | D:3      | Reached skill level 6 in Axes
   749 | D:3      | Reached XP level 4. HP: 22/39 MP: 3/3
   749 | D:3      | Reached XP level 5. HP: 26/45 MP: 4/4
   781 | D:3      | Found a shadowy altar of Dithmenos.
   787 | D:3      | Found a radiant altar of Vehumet.
   893 | D:3      | Found a stormy altar of Qazlal.
   995 | D:3      | Reached skill level 7 in Axes
  1070 | D:3      | Found a glowing drain.
  1081 | D:3      | Noticed Terence
  1096 | Sewer    | Entered a sewer
  1109 | Sewer    | Reached XP level 6. HP: 46/51 MP: 1/5
  1495 | Sewer    | Reached skill level 8 in Axes
  1913 | D:3      | Killed Terence
  1951 | D:4      | Found a shattered altar of Ashenzari.
  2020 | D:4      | Noticed Eustachio
  2051 | D:4      | Killed Eustachio
  2051 | D:4      | Reached skill level 9 in Axes
  2051 | D:4      | Reached XP level 7. HP: 29/57 MP: 2/6
  2067 | D:5      | Entered Level 5 of the Dungeon
  2785 | D:4      | Reached skill level 10 in Axes
  3301 | D:5      | Found a glowing golden altar of the Shining One.
  3307 | D:5      | Reached skill level 11 in Axes
  3368 | D:5      | Found a staircase to the Ecumenical Temple.
  3377 | Temple   | Entered the Ecumenical Temple
  3397 | Temple   | Became a worshipper of Warmaster Okawaru
  3461 | D:5      | Reached XP level 8. HP: 33/64 MP: 7/7
  3809 | D:5      | Found a glowing silver altar of Zin.
  5349 | D:5      | Found Izonolao's Distillery.
  5355 | D:5      | Bought a potion of curing for 45 gold pieces
  5355 | D:5      | Bought a potion of heal wounds for 75 gold pieces
  5355 | D:5      | Bought a potion of haste for 150 gold pieces
  5465 | D:6      | Noticed Pikel
  5481 | D:6      | Killed Pikel
  5481 | D:6      | Reached skill level 12 in Axes
  5517 | D:6      | Reached * piety under Okawaru
  5530 | D:6      | Reached XP level 9. HP: 45/72 MP: 8/8
  5680 | D:6      | Reached skill level 5 in Fighting
  5680 | D:6      | Reached skill level 5 in Shields
  6416 | D:7      | Reached skill level 5 in Armour
  6497 | D:8      | Reached ** piety under Okawaru
  6527 | D:8      | Reached skill level 13 in Axes
  7038 | D:7      | Found a sparkling altar of Nemelex Xobeh.
  7290 | D:8      | Noticed a two-headed ogre
  7297 | D:8      | Killed a two-headed ogre
  7297 | D:8      | Reached *** piety under Okawaru
  7297 | D:8      | Reached XP level 10. HP: 42/83 MP: 9/9
  7461 | D:8      | Noticed a two-headed ogre
  7469 | D:8      | Killed a two-headed ogre
  7469 | D:8      | Reached **** piety under Okawaru
  7469 | D:8      | Reached skill level 5 in Dodging
  7469 | D:8      | Reached skill level 1 in Invocations
  7718 | D:8      | Noticed Gastronok
  7731 | D:8      | HP: 3/84 [Gastronok (40)]
  7735 | D:8      | Killed from afar by Gastronok

Skill      XL: |  1  2  3  4  5  6  7  8  9 10 |
---------------+-------------------------------+-----
Axes           | 3 4 6 7 9 11 12 13 | 13.9
Fighting       | 4 6 |  6.7
Armour         | 4 6 |  6.4
Dodging        | 2 4 5 |  5.0
Shields        | 4 6 |  6.6
Invocations    | 1 |  1.3

Action                   |  1- 3 |  4- 6 |  7- 9 | 10-12 || total
-------------------------+-------+-------+-------+-------++-------
Melee: War axe           |    61 |    13 |   277 |    38 ||   389
       Headbutt          |     6 |    18 |    63 |    12 ||    99
       Hand axe          |       |   171 |    73 |       ||   244
Throw: Tomahawk          |       |       |    10 |       ||    10
Evoke: Wand              |       |       |       |     1 ||     1
  Use: Potion            |     1 |       |       |     2 ||     3
       Scroll            |       |     6 |     6 |       ||    12
  Eat: Chunk             |       |     3 |     8 |     1 ||    12
       Meat ration       |       |       |     1 |       ||     1
       Fruit             |       |       |     1 |       ||     1
       Bread ration      |       |       |     1 |       ||     1
Armor: Scale mail        |    30 |    81 |    55 |       ||   166
       Chain mail        |       |       |    50 |     5 ||    55
Dodge: Dodged            |    19 |    43 |   118 |     9 ||   189
Block: Shield            |    37 |    92 |   153 |     8 ||   290
